 Dungeon Crawl Stone Soup version 0.18.1-50-g88ac8fd (webtiles) character file.

198 magog001 the Ducker (level 5, -4/39 HPs)
             Began as a Merfolk Skald on Dec 21, 2016.
             Killed by nerve-wracking pain
             ... invoked by Menkaure
              (12 damage)
             ... on level 4 of the Dungeon.
             The game lasted 00:19:17 (3757 turns).

magog001 the Ducker (Merfolk Skald)                 Turns: 3757, Time: 00:19:18

Health: -4/39      AC:  5    Str: 12    XL:     5   Next: 77%
Magic:  4/8        EV: 11    Int: 12    God:
Gold:   191        SH:  0    Dex: 14    Spells: 3 memorised, 2 levels left

rFire  . . .     SeeInvis .     i - +1 dagger (venom)
rCold  . . .     Gourm    .     w - +0 ring mail
rNeg   . . .     Faith    .     (no shield)
rPois  .         Spirit   .     (no helmet)
rElec  .         Dismiss  .     (no cloak)
rCorr  .         Reflect  .     (no gloves)
SustAt .         Harm     .     (no boots)
MR     .....                    s - amulet of rage
Stlth  +.........               (no ring)
                                (no ring)

@: infused, singing, very slightly contaminated, drained, not resistant to
hostile enchantments, very unstealthy
A: change form in water, swift swim
a: Stop Singing, Evoke Berserk Rage


You were on level 4 of the Dungeon.
You were hungry.

You visited 1 branch of the dungeon, and saw 4 of its levels.

You collected 191 gold pieces.

Inventory:

Hand Weapons
 a - a +0 hand axe
 i - a +1 dagger of venom (weapon)
Missiles
 f - 14 bolts
 g - 54 sling bullets
Armour
 w - a +0 ring mail (worn)
Jewellery
 s - an amulet of rage (around neck)
Wands
 r - a wand of lightning (7/15)
Scrolls
 h - 5 scrolls of identify
 m - 2 scrolls of remove curse
 q - a scroll of blinking
 y - a scroll of enchant armour
Potions
 d - a potion of heal wounds {unknown}
 e - a potion of cure mutation
 n - a potion of curing
 v - a potion of ambrosia {unknown}
Books
 c - a book of Battle

   Spells                             Type                      Level
   a - Infusion                       Charms                       1
   b - Shroud of Golubria             Charms/Translocation         2
   c - Song of Slaying                Charms                       2
   d - Spectral Weapon                Hexes/Charms                 3
   e - Regeneration                   Charms/Necromancy            3
Comestibles
 b - 2 chunks of flesh
 k - a meat ration
 l - a slice of pizza
 x - 3 fruits


   Skills:
 + Level 2.6(1.6) Fighting
 + Level 1.4(0.4) Short Blades
 + Level 1.7(0.7) Axes
 + Level 1.9(0.9) Armour
 + Level 4.2(3.1) Dodging
 + Level 0.8(0.0) Stealth
 + Level 2.4(1.4) Spellcasting
 + Level 3.8(2.8) Charms
 + Level 0.1(0.0) Necromancy


You had 2 spell levels left.
You knew the following spells:

 Your Spells              Type           Power        Failure   Level  Hunger
a - Infusion              Chrm           #...         21%         1    ##.....
b - Regeneration          Chrm/Necr      #.........   94%         3    ####...
c - Song of Slaying       Chrm           #.......     34%         2    ###....


Dungeon Overview and Level Annotations

Branches:
Dungeon (4/15)
 Temple: D:4-7

Altars:
Ru

Annotations:
D:4 Menkaure


Message History

You begin infusing your attacks with magical energy.
An adder comes into view.
The adder moves out of view.
Menkaure hits you.
You barely miss Menkaure. Menkaure hits you!!
Ouch! That really hurt!
You closely miss Menkaure. Menkaure misses you. Menkaure barely misses you.
You hit Menkaure.
Menkaure is lightly damaged.
The adder closely misses you. Menkaure closely misses you.
You hit Menkaure.
Menkaure is moderately damaged.
The adder bites you but does no damage. Menkaure hits you!
* * * LOW HITPOINT WARNING * * *
The adder bites you.
* * * LOW HITPOINT WARNING * * *
Drink which item? (? for menu, Esc to quit)
You feel better.
Menkaure gestures at you while chanting.
Pain shoots through your body!
You die...

#.# #.. #.# ..# #.#
#### #.# .... #.#
###..##.###########
#....M@...........#
#.##..S.....#####.###
##.#.............#
#.......####.##.#
.........####.##.###
###.................
#..#........###.##
#.>###...... #.# ..
....... #.#


You could see Menkaure and an adder.

Vanquished Creatures
  An orc priest (D:3)
  3 gnolls (D:3)
  7 adders
  An ooze (D:2)
  A worm (D:2)
  A dart slug (D:2)
  3 giant geckos (D:3)
  2 orcs (D:3)
  3 giant cockroaches
  5 goblins
  8 hobgoblins
  4 jackals
  9 kobolds
  A quokka (D:2)
  2 ball pythons (D:1)
  6 bats
  2 giant newts (D:2)
  10 rats
69 creatures vanquished.

Notes
Turn   | Place    | Note
--------------------------------------------------------------
     0 | D:1      | magog001 the Merfolk Skald began the quest for the Orb.
     0 | D:1      | Reached XP level 1. HP: 16/16 MP: 3/3
   310 | D:1      | Reached XP level 2. HP: 14/22 MP: 5/5
   550 | D:1      | Reached skill level 2 in Dodging
   996 | D:1      | Reached XP level 3. HP: 27/27 MP: 6/6
  1007 | D:1      | Learned a level 3 spell: Regeneration
  1082 | D:1      | HP: 1/40 [poisoned by a kobold]
  1922 | D:2      | Learned a level 2 spell: Song of Slaying
  1947 | D:2      | Reached skill level 1 in Armour
  2095 | D:2      | Reached skill level 3 in Dodging
  2142 | D:2      | Reached XP level 4. HP: 23/34 MP: 5/7
  2989 | D:3      | Reached XP level 5. HP: 34/39 MP: 1/8
  3008 | D:3      | Reached skill level 1 in Short Blades
  3113 | D:3      | Reached skill level 4 in Dodging
  3364 | D:3      | Found a sacrificial altar of Ru.
  3747 | D:4      | Noticed Menkaure
  3757 | D:4      | Killed from afar by Menkaure

Skill      XL: |  1  2  3  4  5 |
---------------+----------------+-----
Dodging        | 2 3 4 |  4.2
Armour         | 1 |  1.9
Short Blades   | 1 |  1.4
Fighting       | |  2.6
Axes           | |  1.7
Stealth        | |  0.8
Spellcasting   | |  2.4
Charms         | |  3.8
Necromancy     | |  0.1

Action                   |  1- 3 |  4- 6 || total
-------------------------+-------+-------++-------
Melee: Hand axe          |    89 |       ||    89
       Dagger            |    39 |   104 ||   143
 Cast: Infusion          |     5 |     4 ||     9
       Song of Slaying   |     1 |     4 ||     5
       Regeneration      |     1 |       ||     1
  Use: Scroll            |     4 |     5 ||     9
       Potion            |     2 |     1 ||     3
 Stab: Sleeping          |     2 |       ||     2
  Eat: Chunk             |     1 |     4 ||     5
       Bread ration      |     1 |       ||     1
Armor: Leather armour    |    47 |    15 ||    62
       Ring mail         |       |     2 ||     2
Dodge: Dodged            |   117 |    60 ||   177
